 Dungeon Crawl Stone Soup version 0.18-a0-881-g990e6c6 (webtiles) character file.

294 Banto the Gusty (level 6, -9/32 HPs)
             Began as a Tengu Air Elementalist on Dec 22, 2015.
             Killed by divine providence
             ... invoked by an orc priest
              (12 damage)
             ... on level 3 of the Dungeon.
             The game lasted 00:05:42 (2383 turns).

Banto the Gusty (Tengu Air Elementalist)            Turns: 2383, Time: 00:05:42

Health: -9/32      AC:  6    Str:  9    XL:     6   Next: 34%
Magic:  10/10      EV: 12    Int: 17    God:
Gold:   111        SH:  0    Dex: 14    Spells: 4 memorised, 1 level left

rFire  . . .     SeeInvis .     (no weapon)
rCold  + . .     Gourm    .     r - +2 robe {rC+}
rNeg   . . .     Faith    .     (no shield)
rPois  .         Spirit   .     i - +1 hat
rElec  .         Dismiss  .     (no cloak)
rCorr  .         Reflect  .     q - +0 pair of gloves
SustAt .         Harm     .     (boots unavailable)
MR     .....                    (no amulet)
Stlth  +.........               (no ring)
                                n - ring of loudness (curse)

@: not resistant to hostile enchantments, very unstealthy
A: beak, talons 3, able to fly 1
a: Fly


You were on level 3 of the Dungeon.
You were not hungry.

You visited 1 branch of the dungeon, and saw 3 of its levels.

You collected 111 gold pieces.

Inventory:

Armour
 i - a +1 hat (worn)
 q - a +0 pair of gloves (worn)
 r - a +2 robe of cold resistance (worn)
Jewellery
 n - a cursed ring of loudness (left hand)
Scrolls
 l - a scroll of teleportation {unknown}
 p - a scroll of remove curse {unknown}
Potions
 e - a potion of mutation {unknown}
 g - 2 potions of might
 h - 4 potions of curing {unknown}
 j - a potion of invisibility {unknown}
 m - a potion of heal wounds {unknown}
 o - 2 potions of poison {unknown}
Books
 b - a book of Air

   Spells                             Type                      Level
   a - Shock                          Conjuration/Air              1
   b - Swiftness                      Charms/Air                   2
   c - Repel Missiles                 Charms/Air                   2
   d - Static Discharge               Conjuration/Air              3
   e - Lightning Bolt                 Conjuration/Air              5
Comestibles
 c - 5 bread rations
 d - 2 beef jerkies
 f - a slice of pizza
 k - a meat ration


   Skills:
 - Level 2.1 Dodging
 - Level 2.0 Stealth
 - Level 2.0 Spellcasting
 + Level 5.8 Conjurations
 + Level 6.9 Air Magic


You had one spell level left.
You knew the following spells:

 Your Spells              Type           Power        Failure   Level  Hunger
a - Shock                 Conj/Air       ###.         1%          1    #......
b - Repel Missiles        Chrm/Air       ##....       10%         2    ###....
c - Swiftness             Chrm/Air       ##......     10%         2    ###....
d - Static Discharge      Conj/Air       ###.....     6%          3    ###....


Dungeon Overview and Level Annotations

Branches:
Dungeon (3/15)

Altars:
Dithmenos
Elyvilon
Pakellas

Annotations:
D:3 1 runed door


Innate Abilities, Weirdness & Mutations

You have a beak for a mouth.
You have claws for feet.
You can fly.


Message History

You climb downwards.
Level annotation: 1 runed door An orc priest comes into view.
It is wielding a hand axe.
The sky beast closely misses you.
The orc priest calls down the wrath of Beogh upon you.
Pain shoots through your body!
There is a stone staircase leading up here.
The orc priest miscasts a cantrip.
The sky beast hits you. The sky beast shocks you.
The sky beast flickers out of sight!
Deactivating autopickup; reactivate with Ctrl-A.
The orc priest casts a cantrip, but nothing happens.
A sky beast appears from thin air!
Reactivating autopickup.
The orc priest invokes the aid of Beogh against you.
Something smites you!
* * * LOW HITPOINT WARNING * * *
The orc priest mumbles some strange prayers to Beogh against you.
Something smites you!
You die...

## #...## .# .. ...#
#.#.o##A# .## .#.##
#.##..###...?. # ##....
#[##..[...# #.##.....
..##..###.# #.##.##^#
####..# ...#.##.# #..#
......#.#########Y.###.#
...#............@......#
..##.##.################
####.##.# .....##.#
#######.# ........#
#########


You could see an angel, a sky beast and an orc priest.

Vanquished Creatures
  Sigmund (D:2)
  An orc wizard (D:2)
  Ijyb (D:2)
  2 adders (D:2)
  A gnoll (D:1)
  4 worms (D:2)
  A giant gecko (D:3)
  5 bats
  A giant cockroach (D:1)
  A goblin (D:2)
  7 hobgoblins
  2 jackals (D:1)
  8 kobolds
  2 giant newts (D:2)
  5 rats
42 creatures vanquished.

Notes
Turn   | Place    | Note
--------------------------------------------------------------
     0 | D:1      | Banto the Tengu Air Elementalist began the quest for the Orb.
     0 | D:1      | Reached XP level 1. HP: 10/10 MP: 4/4
   165 | D:1      | Reached XP level 2. HP: 15/15 MP: 0/6
   497 | D:1      | Reached XP level 3. HP: 15/19 MP: 4/7
   705 | D:2      | Noticed Ijyb
   762 | D:2      | Killed Ijyb
   762 | D:2      | Reached skill level 5 in Air Magic
  1076 | D:2      | Reached XP level 4. HP: 15/24 MP: 2/8
  1276 | D:2      | Found an oddly glowing altar of Pakellas.
  1569 | D:2      | Noticed Sigmund
  1583 | D:2      | Killed Sigmund
  1583 | D:2      | Reached skill level 5 in Conjurations
  1583 | D:2      | Reached skill level 6 in Air Magic
  1583 | D:2      | Gained mutation: You can fly. [Tengu growth]
  1583 | D:2      | Reached XP level 5. HP: 14/28 MP: 0/9
  1583 | D:2      | Reached XP level 6. HP: 16/32 MP: 0/10
  1719 | D:2      | Found a shadowy altar of Dithmenos.
  2166 | D:3      | Found a white marble altar of Elyvilon.
  2166 | D:3      | Found a runed door.
  2166 | D:3      | Noticed an angel
  2223 | D:2      | Learned a level 2 spell: Repel Missiles
  2226 | D:2      | Learned a level 2 spell: Swiftness
  2230 | D:2      | Learned a level 3 spell: Static Discharge
  2383 | D:3      | Killed from afar by an orc priest

Vault maps used:
D:1:      minmay_arrival_doors
D:2:      nicolae_overflow_hidden_temple, first_bread,
          nicolae_dithmenos_shadow_blocks, uniq_iyjb, uniq_sigmund
D:3:      vehumet_altar_wand_db, minitemple, lemuel_angel_altar

Action                   |  1- 3 |  4- 6 || total
-------------------------+-------+-------++-------
Melee: Unarmed           |    20 |    20 ||    40
 Cast: Shock             |    43 |    54 ||    97
  Use: Potion            |     1 |       ||     1
       Scroll            |       |     2 ||     2
 Stab: Sleeping          |     2 |       ||     2
  Eat: Chunk             |     1 |     5 ||     6
